 Dungeon Crawl Stone Soup version 0.23.2-40-g277498a001 (webtiles) character file.

Game seed: 13217403058401400523

1323 Blues the Skirmisher (level 8, -11/64 HPs)
             Began as a Demonspawn Abyssal Knight on Sept 23, 2019.
             Was an Elder of Lugonu.
             Mangled by an ice beast (12 damage)
             ... on level 7 of the Dungeon.
             The game lasted 00:24:28 (4226 turns).

Blues the Skirmisher (Demonspawn Abyssal Knight)    Turns: 4226, Time: 00:24:29

Health: -11/64     AC: 16    Str: 14 (15) XL:     8   Next: 33%
Magic:  10/10      EV: 10    Int: 11 (14) God:    Lugonu [****..]
Gold:   519        SH:  0    Dex: 11 (14) Spells: 7/7 levels left

rFire    . . .     SeeInvis .   w - +3 long sword
rCold    . . .     Gourm    .   (no shield)
rNeg     . . .     Faith    .   j - +0 plate armour
rPois    .         Spirit   .   t - +2 hat
rElec    .         Reflect  .   m - +0 cloak
rCorr    .         Harm     .   u - +0 pair of gloves
MR       .....     Rnd*Rage +   (no boots)
Stlth    ..........             (no amulet)
HPRegen  0.20/turn              e - +6 ring of evasion
MPRegen  0.12/turn              (no ring)

@: no status effects
A: agile 1, berserk 1, spiny 2, MP-powered wands
a: Depart the Abyss, Bend Space, Banish, Corrupt, Renounce Religion


You were on level 7 of the Dungeon.
You worshipped Lugonu.
Lugonu was greatly pleased with you.
You were not hungry.

You visited 1 branch of the dungeon, and saw 7 of its levels.
You visited the Abyss 1 time.
You also visited: Sewer and Ossuary.

You collected 519 gold pieces.

Inventory:

Hand Weapons
 a - a +1 falchion
 i - a +4 dagger
 w - a +3 long sword (weapon)
Armour
 j - a +0 plate armour (worn)
 m - a +0 cloak (worn)
 t - a +2 hat (worn)
 u - a +0 pair of gloves (worn)
Jewellery
 e - a +6 ring of evasion (left hand)
Wands
 g - a wand of flame (18)
 x - a wand of random effects (12)
Scrolls
 f - 3 scrolls of amnesia
 k - 8 scrolls of teleportation
 v - a scroll of remove curse
 y - a scroll of magic mapping
Potions
 b - a potion of agility
 h - a potion of haste
 l - a potion of cancellation
 p - 4 potions of flight
 q - a potion of brilliance
 r - 3 potions of invisibility
 z - a potion of curing
Comestibles
 c - 10 rations


   Skills:
 + Level 5.8 Fighting
 - Level 0.5(2.4) Short Blades
 * Level 3.8(3.9) Long Blades
   Level 5.0 Maces & Flails
 + Level 4.4 Armour
 * Level 2.1 Dodging
 + Level 1.2 Stealth
 + Level 2.7 Invocations


You had 7 spell levels left.
You didn't know any spells.
Your spell library contained the following spells:

 Spells                   Type           Power        Failure   Level  Hunger
 Beastly Appendage        Tmut           #.....       100%        1    ##.....
 Sticks to Snakes         Tmut           #.......     100%        2    ###....
 Spider Form              Tmut/Pois      #.........   100%        3    ####...
 Ice Form                 Ice/Tmut       #.......     100%        4    #####..
 Blade Hands              Tmut           #.........   100%        5    ######.


Dungeon Overview and Level Annotations

Branches:
Dungeon (7/15)
 Temple: D:4-7

Altars:
Gozag
Vehumet

Annotations:
D:7 Joseph


Innate Abilities, Weirdness & Mutations

You are mostly covered in sharp spines.
You are agile. (Dex +2)
You tend to lose your temper in combat.
You expend magic power (3 MP) to strengthen your wands.


Message History

Joseph hits you but does no damage. The iguana barely misses you.
You slash Joseph!
Joseph is moderately wounded.
The ice beast is struck by your spines. The ice beast closely misses you.
The orc closely misses you. Joseph barely misses you.
The iguana is struck by your spines. The iguana bites you.
* * * LOW HITPOINT WARNING * * *
The ice beast hits you.
* * * LOW HITPOINT WARNING * * *
The ice beast freezes you!
* * * LOW HITPOINT WARNING * * *
Your plate armour prevents you from hitting Joseph.
Joseph is moderately wounded.
The orc misses you. The iguana is struck by your spines. The iguana bites you.
* * * LOW HITPOINT WARNING * * *
Joseph is struck by your spines. Joseph hits you but does no damage.
The ice beast hits you.
* * * LOW HITPOINT WARNING * * *
The ice beast freezes you!
You die...

:.....
......
#####....l.
#........#
#......@.#
#.<(.#
#....#
#.Y@l#
#..@(#
#..))#
#...o#
#....#
#....#
#....+
#....#
#....#


You could see Joseph, an ice beast, an iguana and an orc.

Vanquished Creatures
  A phantom (D:4)
  2 ice beasts (D:6)
  An ogre (D:6)
  A centaur (D:5)
  A wyvern zombie (D:6)
  A scorpion (D:6)
  4 wights (D:6)
  A crimson imp (D:5)
  3 hounds
  Ijyb (D:3)
  An iguana (D:4)
  An orc wizard (D:4)
  4 worker ants
  A big kobold zombie (Ossuary)
  A hound skeleton (D:5)
  8 mummies (Ossuary)
  4 adders
  3 oozes (Sewer)
  8 worms
  2 dart slugs
  4 leopard geckos
  9 orcs
  3 ball pythons (Sewer)
  5 giant cockroaches
  3 gnoll zombies (Ossuary)
  8 hobgoblins
  8 jackals
  A quokka (D:5)
  11 bats
  3 frilled lizards
  4 goblins
  3 hobgoblin zombies (Ossuary)
  3 kobolds
  A kobold zombie (Ossuary)
  11 rats
126 creatures vanquished.

Notes
Turn   | Place    | Note
-------+----------+-------------------------------------------
     0 | Abyss:1  | Blues the Demonspawn Abyssal Knight began the quest for the
                  | Orb.
     0 | Abyss:1  | Reached XP level 1. HP: 18/18 MP: 2/2
    24 | D:1      | Escaped the Abyss
   135 | D:1      | Gained mutation: You are partially covered in sharp spines.
                  | [demonic ancestry]
   135 | D:1      | Reached XP level 2. HP: 17/24 MP: 3/3
   286 | D:2      | Reached ** piety under Lugonu
   507 | D:2      | Reached XP level 3. HP: 30/30 MP: 4/4
   508 | D:2      | Reached skill level 1 in Dodging
   516 | D:2      | Found an opulent altar of Gozag.
   517 | D:2      | Found a radiant altar of Vehumet.
   671 | D:3      | Noticed Ijyb
   689 | D:3      | Killed Ijyb
   689 | D:3      | Reached XP level 4. HP: 6/37 MP: 5/5
  1063 | D:4      | Noticed a phantom
  1119 | D:4      | Killed a phantom
  1119 | D:4      | Reached XP level 5. HP: 13/43 MP: 6/6
  1737 | D:4      | Reached skill level 1 in Stealth
  1829 | D:4      | Reached XP level 6. HP: 35/49 MP: 7/7
  1942 | D:5      | Entered Level 5 of the Dungeon
  2013 | D:5      | HP: 2/49 [centaur (5)]
  2250 | D:5      | Found a glowing drain.
  2265 | D:5      | Reached *** piety under Lugonu
  2276 | Sewer    | Entered a sewer
  2571 | Sewer    | Reached XP level 7. HP: 35/55 MP: 9/9
  3048 | D:5      | Found an opulent altar of Gozag.
  3051 | D:5      | Reached skill level 1 in Maces & Flails
  3152 | D:6      | Reached skill level 5 in Fighting
  3384 | D:6      | Gained mutation: You are mostly covered in sharp spines.
                  | [demonic ancestry]
  3384 | D:6      | Reached XP level 8. HP: 29/62 MP: 10/10
  3526 | D:6      | Found a sand-covered staircase.
  3531 | Ossuary  | Entered an ossuary
  3540 | Ossuary  | Reached **** piety under Lugonu
  4055 | D:6      | Reached skill level 5 in Maces & Flails
  4115 | D:6      | Gained mutation: You are clumsy. (Dex -2) [potion of
                  | mutation]
  4115 | D:6      | Gained mutation: Your mind is acute. (Int +2) [potion of
                  | mutation]
  4117 | D:6      | Lost mutation: You are clumsy. (Dex -2) [potion of
                  | mutation]
  4117 | D:6      | Lost mutation: Your mind is acute. (Int +2) [potion of
                  | mutation]
  4117 | D:6      | Gained mutation: You are agile. (Dex +2) [potion of
                  | mutation]
  4117 | D:6      | Gained mutation: You tend to lose your temper in combat.
                  | [potion of mutation]
  4117 | D:6      | Gained mutation: You expend magic power (3 MP) to
                  | strengthen your wands. [potion of mutation]
  4212 | D:7      | Noticed Joseph
  4226 | D:7      | HP: 2/64 [iguana (4)]
  4226 | D:7      | Mangled by an ice beast

Skill      XL: |  1  2  3  4  5  6  7  8 |
---------------+-------------------------+-----
Armour         | 2 3 4 |  4.4
Long Blades    | 2 3 |  3.8
Dodging        | 1 2 |  2.1
Fighting       | 4 5 |  5.8
Stealth        | 1 |  1.2
Maces & Flails | 4 5 |  5.0
Short Blades   | |  0.5
Invocations    | |  2.7

Action                   |  1- 3 |  4- 6 |  7- 9 || total
-------------------------+-------+-------+-------++-------
Melee: Falchion          |    81 |    59 |       ||   140
       Dagger            |       |    24 |       ||    24
       Flail             |       |    75 |   131 ||   206
       Long sword        |       |       |    26 ||    26
Invok: Bend Space        |       |     1 |       ||     1
  Use: Scroll            |       |     5 |     2 ||     7
       Potion            |       |     2 |     7 ||     9
  Eat: Chunk             |       |     2 |     3 ||     5
       Ration            |       |     1 |     1 ||     2
Armor: Leather armour    |    10 |       |       ||    10
       Scale mail        |    12 |    11 |       ||    23
       Plate armour      |       |    60 |    69 ||   129
Dodge: Dodged            |    74 |    85 |   105 ||   264
       Rpst.: Falchion   |    26 |     4 |       ||    30
       Long sword        |       |       |     3 ||     3
